cohdb
Replays
Latest Replays
All Replays
Popular Replays
Top Player Replays
Match Explorer
How It Works
Community
CoH3 Stats
Reddit
Sign in to upload your games and track your stats! →
Sign in with Steam
Match 43070626
Unlisted
Match 43070626
Overview
Messages
Build Orders
End
Construct Infanterie Kompanie
Selects Mechanized Battlegroup
MG 42 Machine Gun Team
Grenadier Squad
GrW 34 Mortar Team
Construct Panzergrenadier Kompanie
Panzergrenadier Squad
Selects Raid Package
251 Medium Carrier
Panzergrenadier Officer Quarters
Panzergrenadier Squad
Selects 8 Rad Armored Car
Selects UNKNOWN (2160084)
8 Rad Armored Car
Chilly
Jarkke
Setti-Veke
ARF Le Gendarme
Konrad Curze
CPU - Easy
0
0
Comments
sign in to comment!
No comments posted yet!